 Dungeon Crawl Stone Soup version 0.31-a0-986-g5e6e4ef867 (webtiles) character file.

Game seed: 16560851075125663244

88 porpoise the Vexing (level 4, -5/30 HPs)
             Began as a Demonspawn Enchanter on Nov 4, 2023.
             Killed from afar by an orc wizard (9 damage)
             ... with a magic dart
             ... on level 3 of the Dungeon.
             The game lasted 00:07:35 (2229 turns).

porpoise the Vexing (Demonspawn Enchanter)          Turns: 2229, Time: 00:07:36

Health: -5/30      AC:  3    Str:  8    XL:     4   Next: 29%
Magic:  6/7        EV: 12    Int: 19    God:
Gold:   116        SH:  0    Dex: 13    Spells: 2/7 levels left

rFire   + . .        a - +2 dagger (speed)
rCold   . . .        (no shield)
rNeg    . . .        p - +0 robe
rPois   .            f - +0 helmet
rElec   .            (no cloak)
rCorr   .            (no gloves)
SInv    .            (no boots)
Will    .....        (no amulet)
Stlth   ++           q - ring of protection from fire
HPRegen 0.25/turn    (no ring)
MPRegen 0.10/turn

%: no passive effects
@: invisible
A: demonic magic 1, weakness stinger 1
a: no special abilities


You were on level 3 of the Dungeon.
You visited 1 branch of the dungeon, and saw 3 of its levels.

You collected 116 gold pieces.

Inventory:

Hand Weapons
 a - a +2 dagger of speed (weapon)
Missiles
 h - 3 boomerangs (quivered)
Armour
 f - a +0 helmet (worn)
 p - a +0 robe (worn)
Magical Staves
 o - a staff of earth
Jewellery
 q - a ring of protection from fire (left hand)
Scrolls
 b - a scroll of blinking {unknown}
 d - a scroll of teleportation
 g - a scroll of identify {unknown}
 i - 2 scrolls of fear {unknown}
 n - a scroll of brand weapon {unknown}
Potions
 c - a potion of invisibility
 e - a potion of might {unknown}
 j - a potion of resistance {unknown}
 k - 2 potions of attraction {unknown}
 l - 3 potions of curing {unknown}
 m - a potion of mutation {unknown}


   Skills:
 + Level 2.2 Short Blades
 - Level 1.7 Dodging
 - Level 2.6 Stealth
 - Level 2.4 Spellcasting
 + Level 3.8 Hexes
 + Level 1.2 Ice Magic


You had 2 spell levels left.
You knew the following spells:

 Your Spells              Type           Power      Damage    Failure   Level
a - Confusing Touch       Hex            16%        N/A       10%         3
e - Ensorcelled Hibernat  Hex/Ice        24%        N/A       9%          2

Your spell library contained the following spells:

 Spells                   Type           Power      Damage    Failure   Level
 Passwall                 Tmut/Erth      1%         N/A       24%         2
 Tukima's Dance           Hex            16%        N/A       10%         3
 Dazzling Flash           Conj/Hex       18%        N/A       22%         3
 Swiftness                Air            2%         N/A       43%         3
 Dimensional Bullseye     Hex/Tloc       4%         N/A       58%         4
 Animate Dead             Necr           2%         N/A       85%         4
 Iskenderun's Mystic Bla  Conj/Tloc      2%         2d3       85%         4
 Borgnjor's Vile Clutch   Necr/Erth      1%         N/A       99%         5
 Death Channel            Necr           1%         N/A       100%        6


Dungeon Overview and Level Annotations

Branches:
Dungeon (3/15)

Altars:
Sif Muna


Innate Abilities, Weirdness & Mutations

Spells you cast may paralyse adjacent enemies.
You have a small tail.


Message History

The orc wizard hits you with a +0 dagger.
You hit the orc wizard.
Your tail-slap misses the orc wizard.
The orc wizard is almost dead.
The orc hits you with a +0 hand axe.
The orc wizard hits you with a +0 dagger.
You bump into the rock wall.
You feel less confused. The orc barely misses you.
The orc hits you but does no damage. The orc wizard completely misses you.
The orc barely misses you. The orc attacks as it pursues you!
The orc hits you with a +0 hand axe.
The orc wizard gestures wildly while chanting.
The orc wizard flickers and vanishes!
Deactivating autopickup; reactivate with Ctrl-A.
Casting: Ensorcelled Hibernation (safe; 9% risk of failure)
Confirm with . or Enter, or press ? or * to list all spells.
Aiming: Ensorcelled Hibernation (safe; 9% risk of failure)
Press: ? - help, Shift-Dir - straight line, f - orc
Aim: an orc, wielding a +0 hand axe (chance to affect: 62%)
The orc looks drowsy...
Malevolent energies surge around you.
The orc hits you from afar with a +0 trident.
You hit the orc.
The orc is moderately wounded.
The orc hits you with a +0 hand axe.
* * * LOW HITPOINT WARNING * * *
You closely miss the orc. You tail-slap the orc.
The orc is severely wounded.
The orc closely misses you. The orc hits you with a +0 hand axe.
* * * LOW HITPOINT WARNING * * *
The orc attacks as it pursues you! The orc hits you with a +0 hand axe.
* * * LOW HITPOINT WARNING * * *
Okay, then.
You fade into invisibility!
The orc hits you but does no damage.
A magic dart appears from out of thin air!
The magic dart hits the orc!
The orc dies!
A magic dart appears from out of thin air!
The magic dart hits you!
You die...

...#.# #$#
#.# #.#
#.####o# #.#
#.# #.# # #)#
#.# #.# #.# #
#o# #.# #.#
#.#
##.####{###.#
#.# #.#
............#
#.###.###
##..........#
#........
######.###.#
#####.### #@#
#.# #.# # #.#
#.# #.# # #.#
#.. ###.###
#.# ...
....... #.#
.### #######
#.# #.. ###


You could see 2 orcs.

Vanquished Creatures
  3 adders
  A worm (D:2)
  2 dart slugs
  2 endoplasms (D:2)
  3 giant cockroaches
  4 hobgoblins
  4 jackals
  4 quokkas
  6 ball pythons
  4 bats
  5 frilled lizards
  4 goblins
  5 kobolds
  5 rats
52 creatures vanquished.

Vanquished Creatures (others)
  An orc (D:3)
1 creature vanquished.

Grand Total: 53 creatures vanquished

Notes
Turn   | Place    | Note
-------+----------+-------------------------------------------
     0 | D:1      | porpoise the Demonspawn Enchanter began the quest for the
                  | Orb.
     0 | D:1      | Reached XP level 1. HP: 13/13 MP: 3/3
    79 | D:1      | Reached skill level 1 in Short Blades
   245 | D:1      | Gained mutation: Spells you cast may paralyse adjacent
                  | enemies. [demonic ancestry]
   245 | D:1      | Reached XP level 2. HP: 14/19 MP: 5/5
   600 | D:1      | Learned a level 2 spell: Ensorcelled Hibernation
   848 | D:2      | Discovered your monstrous ancestry.
   848 | D:2      | Gained mutation: You have a small tail. [demonic ancestry]
   848 | D:2      | Reached XP level 3. HP: 24/24 MP: 6/6
   852 | D:2      | Learned a level 3 spell: Confusing Touch
  1350 | D:2      | Reached skill level 1 in Ice Magic
  1581 | D:2      | Reached XP level 4. HP: 30/30 MP: 7/7
  1721 | D:3      | Identified the "Qaytro"
  2087 | D:3      | Found a shimmering blue altar of Sif Muna.
  2229 | D:3      | Killed from afar by an orc wizard

Illustrated notes

Levels and vault maps discovered:
D:1:      lightli_arrival_flooded_house, layout_rooms, nicolae_hexahallways,
          minmay_indecisive_spiral
D:2:      layout_loops_corners, minmay_between
D:3:      layout_loops_ring, lemuel_crystal_altar

Skill      XL: |  1  2  3 |
---------------+----------+-----
Short Blades   | 1 2 |  2.2
Ice Magic      | 1 |  1.2
Dodging        | |  1.7
Stealth        | |  2.6
Spellcasting   | |  2.4
Hexes          | |  3.8

Action                     |  1- 3 |  4- 6 || total
---------------------------+-------+-------++-------
  Melee: Dagger            |   120 |    43 ||   163
         Tailslap          |     2 |     8 ||    10
         Punch             |       |     1 ||     1
  Throw: Boomerang         |     5 |     3 ||     8
   Cast: Ensorcelled Hiber |     2 |     1 ||     3
    Use: Scroll            |     1 |       ||     1
         Potion            |       |     1 ||     1
   Stab: Sleeping          |    10 |     2 ||    12
         Paralysed         |     1 |       ||     1
 Armour: Robe              |    37 |    40 ||    77
  Dodge: Dodged            |    37 |    20 ||    57

Table legend: (Time is in decaauts)
 A = Elapsed time spent in this place.
 B = Non-inter-level travel time spent in this place.
 C = Inter-level travel time spent in this place.
 D = Time resting spent in this place.
 E = Time spent auto-exploring this place.
 F = Levels seen in this place.
 G = Mean time per level.
                   A        B        C        D        E       F      G
               +--------+--------+--------+--------+--------+-----+--------+
         Total |   2177 |   2138 |     39 |    413 |   1241 |   3 |  725.7 |
       Dungeon |   2177 |   2138 |     39 |    413 |   1241 |   3 |  725.7 |
               +--------+--------+--------+--------+--------+-----+--------+

Top non-repeatable levels by time:
     D:2: 1032 daAuts
     D:1: 719 daAuts
     D:3: 426 daAuts
